3A
PUT-IN-BAY BC @ LAKE ERIE ARRYNS
08/12/2037
 
TOP OF THE 1ST
Put-In-Bay BC batting - Pitching for Lake Erie Arryns : RHP Marcos Córdova
Pitching: RHP Marcos Córdova
Batting: LHB Leslie Small 0-0: Swinging Strike
0-1: Foul Ball, location: 2F
0-2: Ball
1-2: Ball
2-2: Foul Ball, location: 2F
2-2: Foul Ball, location: 2F
2-2: SINGLE (Flyball, 78S, EV 91.2 MPH)
Batting: RHB Jesús Méndez 0-0: Ball
1-0: Ball
2-0: Ball
3-0: Base on Balls
Leslie Small to second
Batting: SHB Ángel García 0-0: Called Strike
0-1: Ball
1-1: Ball
2-1: Ball
3-1: Grounds into double play, 6-4-3 (Groundball, 6, EV 103.1 MPH)
Leslie Small to third
Batting: SHB Reginald Gibson 0-0: 2-RUN HOME RUN (Flyball, 89XD, EV 96.2 MPH), Distance : 444 ft
Batting: RHB Man-su Chong 0-0: Ball
1-0: Called Strike
1-1: Called Strike
1-2: Foul Ball, location: 2F
1-2: Ground out 6-3 (Groundball, 6S, EV 86.9 MPH)
Top of the 1st over - 2 runs, 2 hits, 0 errors, 0 left on base; Put-In-Bay 2 - Lake Erie 0
BOTTOM OF THE 1ST
Lake Erie Arryns batting - Pitching for Put-In-Bay BC : LHP Jeremy Parker
Pitching: LHP Jeremy Parker
Batting: RHB Scot Roberts 0-0: SINGLE (Groundball, 34S, EV 73.8 MPH) (infield hit)
Batting: RHB Nick Payne 0-0: Ball
1-0: Ground out 4-3 (Groundball, 34D, EV 102.5 MPH)
Scot Roberts to second
Batting: RHB Brant Fields 0-0: Ball
1-0: Ball
2-0: Foul Ball, location: 2F
2-1: Fly out, F9 (Flyball, 9LS, EV 76.2 MPH)
Batting: RHB Juan Núñez 0-0: Swinging Strike
0-1: Swinging Strike
0-2: Strikes out swinging
Bottom of the 1st over - 0 runs, 1 hit, 0 errors, 1 left on base; Put-In-Bay 2 - Lake Erie 0
TOP OF THE 2ND
Put-In-Bay BC batting - Pitching for Lake Erie Arryns : RHP Marcos Córdova
Batting: RHB Alexander Conley 0-0: Called Strike
0-1: Called Strike
0-2: Foul Ball, location: 2F
0-2: Strikes out looking
Batting: RHB Luis Marín 0-0: Called Strike
0-1: Foul Ball, location: 2F
0-2: Foul Ball, location: 2F
0-2: Ground out 1-3 (Groundball, 13S, EV 66.2 MPH)
Batting: RHB Martin Payton 0-0: Ball
1-0: Ground out 6-3 (Groundball, 6, EV 105.6 MPH)
Top of the 2nd over - 0 runs, 0 hits, 0 errors, 0 left on base; Put-In-Bay 2 - Lake Erie 0
BOTTOM OF THE 2ND
Lake Erie Arryns batting - Pitching for Put-In-Bay BC : LHP Jeremy Parker
Batting: RHB Wang Gai 0-0: Called Strike
0-1: Foul Ball, location: 2F
0-2: Ball
1-2: Strikes out looking
Batting: RHB Adrian Chandler 0-0: SINGLE (Flyball, 9LM, EV 95.6 MPH)
Batting: RHB Beco Bnard 0-0: Foul Ball, location: 2F
0-1: Ball
Wild Pitch!
Adrian Chandler to second
1-1: Foul Ball, location: 2F
1-2: Foul Ball, location: 2F
1-2: Ball
2-2: Fly out, F9 (Line Drive, 9, EV 85.6 MPH)
Batting: RHB Patrick Mildren 0-0: Called Strike
0-1: Ball
1-1: Swinging Strike
1-2: Ball
2-2: Ball
3-2: Ground out 5-3 (Groundball, 56, EV 81.2 MPH)
Bottom of the 2nd over - 0 runs, 1 hit, 0 errors, 1 left on base; Put-In-Bay 2 - Lake Erie 0
TOP OF THE 3RD
Put-In-Bay BC batting - Pitching for Lake Erie Arryns : RHP Marcos Córdova
Batting: RHB Victor Haley 0-0: Ball
1-0: Called Strike
1-1: Called Strike
1-2: Ball
2-2: Foul Ball, location: 2F
2-2: Ball
3-2: Foul Ball, location: 2F
3-2: Strikes out swinging
Batting: LHB Leslie Small 0-0: Ball
1-0: Ball
2-0: Ball
3-0: Called Strike
3-1: Foul Ball, location: 2F
3-2: Foul Ball, location: 2F
3-2: SINGLE (Flyball, 89M, EV 87.5 MPH)
Batting: RHB Jesús Méndez 0-0: Ball
Leslie Small is caught stealing 2nd base 2-4
1-0: Fly out, F9 (Flyball, 9LS, EV 85.0 MPH)
Top of the 3rd over - 0 runs, 1 hit, 0 errors, 0 left on base; Put-In-Bay 2 - Lake Erie 0
BOTTOM OF THE 3RD
Lake Erie Arryns batting - Pitching for Put-In-Bay BC : LHP Jeremy Parker
Batting: RHB Andy Hicks 0-0: Swinging Strike
0-1: Foul Ball, location: 2F
0-2: Foul Ball, location: 2F
0-2: Ball
1-2: Foul Ball, location: 2F
1-2: Strikes out swinging
Batting: RHB Scot Roberts 0-0: Ground out 6-3 (Groundball, 6M, EV 106.2 MPH)
Batting: RHB Nick Payne 0-0: Ground out 4-3 (Groundball, 4, EV 104.4 MPH)
Bottom of the 3rd over - 0 runs, 0 hits, 0 errors, 0 left on base; Put-In-Bay 2 - Lake Erie 0
TOP OF THE 4TH
Put-In-Bay BC batting - Pitching for Lake Erie Arryns : RHP Marcos Córdova
Batting: SHB Ángel García 0-0: Ball
1-0: Ball
2-0: Called Strike
2-1: Ball
3-1: Called Strike
3-2: Fly out, F8 (Flyball, 8LM, EV 90.0 MPH)
Batting: SHB Reginald Gibson 0-0: Called Strike
0-1: Swinging Strike
0-2: Ball
1-2: Ball
2-2: Fly out, F7 (Flyball, 7, EV 89.4 MPH)
Batting: RHB Man-su Chong 0-0: SINGLE (Groundball, 6D, EV 105.6 MPH)
Batting: RHB Alexander Conley 0-0: Ball
1-0: Swinging Strike
1-1: Fly out, F8 (Line Drive, 8LD, EV 94.4 MPH)
Top of the 4th over - 0 runs, 1 hit, 0 errors, 1 left on base; Put-In-Bay 2 - Lake Erie 0
BOTTOM OF THE 4TH
Lake Erie Arryns batting - Pitching for Put-In-Bay BC : LHP Jeremy Parker
Batting: RHB Brant Fields 0-0: Fly out, F3 (Popup, 3L, EV 56.9 MPH)
Batting: RHB Juan Núñez 0-0: Called Strike
0-1: Foul Ball, location: 2F
0-2: Foul Ball, location: 2F
0-2: Ball
1-2: Strikes out swinging
Batting: RHB Wang Gai 0-0: Ball
1-0: Ball
2-0: Foul Ball, location: 2F
2-1: Called Strike
2-2: Ground out 6-3 (Groundball, 6, EV 85.6 MPH)
Bottom of the 4th over - 0 runs, 0 hits, 0 errors, 0 left on base; Put-In-Bay 2 - Lake Erie 0
TOP OF THE 5TH
Put-In-Bay BC batting - Pitching for Lake Erie Arryns : RHP Marcos Córdova
Batting: RHB Luis Marín 0-0: Ball
1-0: Swinging Strike
1-1: Ball
2-1: Ground out 5-3 (Groundball, 56S, EV 87.5 MPH)
Batting: RHB Martin Payton 0-0: Foul Ball, location: 2F
0-1: Ball
1-1: Called Strike
1-2: Foul Ball, location: 2F
1-2: SINGLE (Line Drive, 89S, EV 95.6 MPH)
Batting: RHB Victor Haley 0-0: Ball
1-0: Foul Ball, location: 2F
1-1: Ball
2-1: Ball
3-1: Called Strike
3-2: Base on Balls
Martin Payton to second
Batting: LHB Leslie Small 0-0: Called Strike
0-1: Ball
1-1: Swinging Strike
1-2: Strikes out swinging
Batting: RHB Jesús Méndez 0-0: Ball
1-0: Ball
2-0: Ball
3-0: Called Strike
3-1: Foul Ball, location: 2F
3-2: Base on Balls
Martin Payton to third
Victor Haley to second
Batting: SHB Ángel García 0-0: Fielders Choice at 2nd, 6-4 (Groundball, 56, EV 101.9 MPH)
Top of the 5th over - 0 runs, 1 hit, 0 errors, 3 left on base; Put-In-Bay 2 - Lake Erie 0
BOTTOM OF THE 5TH
Lake Erie Arryns batting - Pitching for Put-In-Bay BC : LHP Jeremy Parker
Batting: RHB Adrian Chandler 0-0: Fly out, F9 (Line Drive, 9, EV 93.1 MPH)
Batting: RHB Beco Bnard 0-0: Called Strike
0-1: Ball
1-1: Foul Ball, location: 2F
1-2: Ball
2-2: Strikes out looking
Batting: RHB Patrick Mildren 0-0: Ball
1-0: Ball
2-0: Ball
3-0: Base on Balls
Batting: RHB Andy Hicks 0-0: Ball
1-0: Ball
2-0: Ball
3-0: Called Strike
3-1: Ground out 1-3 (Groundball, 13S, EV 73.8 MPH)
Bottom of the 5th over - 0 runs, 0 hits, 0 errors, 1 left on base; Put-In-Bay 2 - Lake Erie 0
TOP OF THE 6TH
Put-In-Bay BC batting - Pitching for Lake Erie Arryns : RHP Marcos Córdova
Pitching: LHP Luis Matos
Batting: SHB Reginald Gibson 0-0: Foul Ball, location: 2F
0-1: Foul Ball, location: 2F
0-2: Strikes out swinging
Batting: RHB Man-su Chong 0-0: Called Strike
0-1: Ball
1-1: Ball
2-1: Ground out 6-3 (Groundball, 6, EV 93.8 MPH)
Batting: RHB Alexander Conley 0-0: Ball
1-0: Called Strike
1-1: Ball
2-1: Ball
3-1: Fly out, F5 (Line Drive, 5, EV 71.9 MPH)
Top of the 6th over - 0 runs, 0 hits, 0 errors, 0 left on base; Put-In-Bay 2 - Lake Erie 0
BOTTOM OF THE 6TH
Lake Erie Arryns batting - Pitching for Put-In-Bay BC : LHP Jeremy Parker
Batting: RHB Scot Roberts 0-0: Ball
1-0: Foul Ball, location: 2F
1-1: Swinging Strike
1-2: Foul Ball, location: 2F
1-2: Ball
2-2: Ball
3-2: SINGLE (Groundball, 4M, EV 110.6 MPH)
Batting: RHB Nick Payne 0-0: Foul Ball, location: 2F
0-1: Ball
1-1: Ball
Wild Pitch!
Scot Roberts to second
2-1: SINGLE (Groundball, 56D, EV 98.1 MPH)
Scot Roberts to third
Runner from 3rd tries for Home, SAFE, no throw by LF
Batting: RHB Brant Fields 0-0: Called Strike
0-1: Ball
1-1: Swinging Strike
1-2: Foul Ball, location: 2F
1-2: Foul Ball, location: 2F
1-2: Ball
2-2: Ball
3-2: Foul Ball, location: 2F
3-2: Fielders Choice at 2nd, 5-4 (Groundball, 56S, EV 90.6 MPH)
Batting: RHB Juan Núñez 0-0: Fly out, F7 (Line Drive, 7, EV 105.0 MPH)
Batting: RHB Wang Gai 0-0: Ball
1-0: Ball
2-0: Ball
3-0: Called Strike
3-1: Ground out 4-3 (Groundball, 4, EV 96.2 MPH)
Bottom of the 6th over - 1 run, 2 hits, 0 errors, 1 left on base; Put-In-Bay 2 - Lake Erie 1
TOP OF THE 7TH
Put-In-Bay BC batting - Pitching for Lake Erie Arryns : LHP Luis Matos
Batting: RHB Luis Marín 0-0: Ball
1-0: Foul Ball, location: 2F
1-1: Ball
2-1: Ball
3-1: Foul Ball, location: 2F
3-2: Foul Ball, location: 2F
3-2: Strikes out swinging
Batting: RHB Martin Payton 0-0: Ball
1-0: Called Strike
1-1: SINGLE (Groundball, 4MD, EV 107.5 MPH)
Batting: RHB Victor Haley 0-0: Ball
1-0: Ball
2-0: Called Strike
2-1: Fly out, F9 (Flyball, 9, EV 94.4 MPH)
Batting: LHB Leslie Small 0-0: Ball
1-0: Ball
2-0: Called Strike
2-1: Ball
3-1: Base on Balls
Martin Payton to second
Batting: RHB Jesús Méndez 0-0: Swinging Strike
0-1: Fly out, F7 (Line Drive, 7, EV 98.1 MPH)
Top of the 7th over - 0 runs, 1 hit, 0 errors, 2 left on base; Put-In-Bay 2 - Lake Erie 1
BOTTOM OF THE 7TH
Lake Erie Arryns batting - Pitching for Put-In-Bay BC : LHP Jeremy Parker
Batting: RHB Adrian Chandler 0-0: Called Strike
0-1: Ball
1-1: Called Strike
1-2: Ground out 6-3 (Groundball, 6, EV 86.9 MPH)
Batting: RHB Beco Bnard 0-0: Ball
1-0: Ball
2-0: Foul Ball, location: 2F
2-1: Called Strike
2-2: Strikes out looking
Batting: RHB Patrick Mildren 0-0: Fly out, F8 (Flyball, 8LM, EV 85.6 MPH)
Bottom of the 7th over - 0 runs, 0 hits, 0 errors, 0 left on base; Put-In-Bay 2 - Lake Erie 1
TOP OF THE 8TH
Put-In-Bay BC batting - Pitching for Lake Erie Arryns : LHP Luis Matos
Batting: SHB Ángel García 0-0: Foul Ball, location: 2F
0-1: Ball
1-1: Ball
2-1: Foul Ball, location: 2F
2-2: Strikes out swinging
Pitching: RHP Jesús Solís
Batting: SHB Reginald Gibson 0-0: SINGLE (Groundball, 25, EV 68.8 MPH) (infield hit)
Batting: RHB Man-su Chong 0-0: Called Strike
0-1: Foul Ball, location: 2F
0-2: Strikes out swinging
Batting: RHB Alexander Conley 0-0: Called Strike
0-1: Foul Ball, location: 2F
0-2: Ball
1-2: Strikes out swinging
Top of the 8th over - 0 runs, 1 hit, 0 errors, 1 left on base; Put-In-Bay 2 - Lake Erie 1
BOTTOM OF THE 8TH
Lake Erie Arryns batting - Pitching for Put-In-Bay BC : LHP Jeremy Parker
Batting: RHB Andy Hicks 0-0: Ball
1-0: Foul Ball, location: 2F
1-1: Ball
2-1: Ground out 6-3 (Groundball, 6, EV 99.4 MPH)
Pitching: RHP Fernando Colón
Batting: RHB Scot Roberts 0-0: Called Strike
0-1: Ball
1-1: Foul Ball, location: 2F
1-2: Foul Ball, location: 2F
1-2: Ball
2-2: Foul Ball, location: 2F
2-2: Ball
3-2: Fly out, F9 (Flyball, 9LS, EV 71.9 MPH)
Batting: RHB Nick Payne 0-0: Fly out, F8 (Line Drive, 8RD, EV 90.6 MPH)
Bottom of the 8th over - 0 runs, 0 hits, 0 errors, 0 left on base; Put-In-Bay 2 - Lake Erie 1
TOP OF THE 9TH
Put-In-Bay BC batting - Pitching for Lake Erie Arryns : RHP Jesús Solís
Pitching: RHP Surya Prawiranega
Batting: RHB Luis Marín 0-0: Called Strike
0-1: Ball
1-1: Swinging Strike
1-2: Hit by Pitch
Batting: RHB Martin Payton 0-0: Called Strike
0-1: Swinging Strike
0-2: Ball
1-2: Ball
2-2: Strikes out looking
Batting: RHB Victor Haley 0-0: Ball
1-0: Ball
2-0: Ball
3-0: Called Strike
3-1: Base on Balls
Luis Marín to second
Batting: LHB Leslie Small 0-0: Ball
1-0: Called Strike
1-1: Foul Ball, location: 2F
1-2: Strikes out swinging
Batting: RHB Jesús Méndez 0-0: Called Strike
0-1: Foul Ball, location: 2F
0-2: Strikes out looking
Top of the 9th over - 0 runs, 0 hits, 0 errors, 2 left on base; Put-In-Bay 2 - Lake Erie 1
BOTTOM OF THE 9TH
Lake Erie Arryns batting - Pitching for Put-In-Bay BC : RHP Fernando Colón
Pitching: RHP Joe Gorman
Now at 1B: Víctor Alfonso
Now in LF: Félix Guillén
Batting: RHB Brant Fields 0-0: Called Strike
0-1: Swinging Strike
0-2: Foul Ball, location: 2F
0-2: Ball
1-2: Strikes out swinging
Batting: RHB Juan Núñez 0-0: Foul Ball, location: 2F
0-1: SINGLE (Groundball, 6MD, EV 102.5 MPH)
Batting: RHB Wang Gai 0-0: Called Strike
0-1: Foul Ball, location: 2F
0-2: Foul Ball, location: 2F
0-2: Strikes out looking
Batting: RHB Adrian Chandler 0-0: Fly out, F7 (Line Drive, 7D, EV 97.5 MPH)
Bottom of the 9th over - 0 runs, 1 hit, 0 errors, 1 left on base; Put-In-Bay 2 - Lake Erie 1
Thursday, January 23rd, 2020 - OOTP Baseball 20.8 Build 74